 Dungeon Crawl Stone Soup version 0.30-a0-800-g7c544603b3 (webtiles) character file.

Game seed: 11296050922404796561

2890 Newt the Skirmisher (level 10, -1/57 HPs)
             Began as a Kobold Hunter on Feb 22, 2023.
             Was a Believer of Hepliaklqana.
             Slain by a hornet (12 damage)
             ... on level 8 of the Dungeon.
             The game lasted 00:08:26 (9739 turns).

Newt the Skirmisher (Kobold Hunter)                 Turns: 9739, Time: 00:08:27

Health: -1/57      AC:  7    Str:  9    XL:     10   Next: 5%
Magic:  10/10      EV: 22    Int: 10    God:    Hepliaklqana [**....]
Gold:   281        SH:  0    Dex: 23    Spells: 9/9 levels left

rFire   . . .      SeeInvis .    w - +0 shortbow of the Imbibing Scavenger {drain, Contam Fly rPois rC+}
rCold   + . .      Faith    .    (shield currently unavailable)
rNeg    . . .      Spirit   .    c - +0 leather armour
rPois   +          Reflect  .    m - +2 helmet
rElec   .          Harm     .    (no cloak)
rCorr   .          Rampage  .    (no gloves)
Will    .....                    o - +0 pair of boots
Stlth   +++                      (no amulet)
HPRegen 0.29/turn                v - +5 ring of evasion
MPRegen 0.12/turn                (no ring)

@: flying
A: reduced essence, small, no large weapons, nightstalker 3
a: Renounce Religion, Recall Ancestor, Ancestor Identity


You were on level 8 of the Dungeon.
You worshipped Hepliaklqana.
Hepliaklqana was pleased with you.
You visited 2 branches of the dungeon, and saw 9 of its levels.
You also visited: Sewer.

You collected 473 gold pieces.
You spent 192 gold pieces at shops.

Inventory:

Hand Weapons
 a - a +0 shortbow
 w - the +0 shortbow of the Imbibing Scavenger (weapon) {drain, Contam Fly rPois rC+}
   (You bought it in a shop on level 1 of the Dungeon)

   rC:        It protects you from cold.
   rPois:     It protects you from poison.
   Fly:       It grants you flight.
   Contam:    It causes magical contamination when unequipped.
Missiles
 d - 2 silver javelins
Armour
 c - a +0 leather armour (worn)
 m - a +2 helmet (worn)
 o - a +0 pair of boots (worn)
Jewellery
 v - a +5 ring of evasion (left hand)
 A - an amulet of the acrobat
Wands
 y - a wand of digging (4)
Scrolls
 b - 4 scrolls of immolation
 f - a scroll of vulnerability
 p - a scroll of amnesia
 r - a scroll of blinking
 s - a scroll of enchant weapon
 t - a scroll of enchant armour
 u - 6 scrolls of teleportation
 C - a scroll of butterflies {unknown}
Potions
 e - a potion of berserk rage
 g - a potion of invisibility {unknown}
 h - 2 potions of ambrosia
 i - 3 potions of curing
 k - a potion of brilliance
 l - a potion of cancellation
 n - a potion of haste {unknown}
 q - a potion of might
 x - a potion of resistance {unknown}
 z - a potion of degeneration {unknown}
 B - a potion of attraction {unknown}


   Skills:
 - Level 8.0 Fighting
 + Level 13.0 Ranged Weapons
 - Level 4.0 Armour
 - Level 5.0 Dodging
 - Level 1.3 Stealth


You had 9 spell levels left.
You didn't know any spells.
Your spell library contained the following spells:

 Spells                   Type           Power      Damage    Failure   Level
 Magic Dart               Conj           0%         1d3       45%         1
 Call Imp                 Summ           0%         N/A       61%         2
 Lesser Beckoning         Tloc           0%         N/A       61%         2
 Gell's Gravitas          Tloc           0%         N/A       83%         3
 Ignite Poison            Fire/Tmut/Pois 0%         N/A       83%         3
 Mephitic Cloud           Conj/Pois/Air  0%         N/A       83%         3
 Teleport Other           Tloc           0%         N/A       83%         3
 Vhi's Electric Charge    Tloc/Air       0%         N/A       83%         3
 Sticky Flame             Conj/Fire      0%         2d3       99%         4
 Alistair's Intoxication  Tmut/Pois      0%         N/A       100%        5
 Arcjolt                  Conj/Air       0%         1d10      100%        5
 Borgnjor's Vile Clutch   Necr/Erth      0%         N/A       100%        5
 Eringya's Noxious Bog    Tmut/Pois      0%         N/A       100%        6
 Ignition                 Fire           0%         3d3       100%        8
 Maxwell's Capacitive Co  Air            0%         ∞         100%        8


Dungeon Overview and Level Annotations

Branches:
Dungeon (8/15)             Temple (1/1) D:4           Sewer (visited)
   Lair: D:8-11

Altars:
Ashenzari
Cheibriados
Dithmenos
Elyvilon
Fedhas
Gozag
Hepliaklqana
Makhleb
Nemelex Xobeh
Okawaru
Qazlal
Ru
Sif Muna
Trog
Uskayaw
Vehumet
Wu Jian
Xom
Yredelemnul
Zin
The Shining One

Shops:
D:1 (   D:4 !   D:6 [


Innate Abilities, Weirdness & Mutations

Your life essence is reduced to manifest your ancestor. (-10% HP)
You are small and have problems with some larger weapons.
You are completely attuned to the shadows.


Message History

The yak is severely wounded.
Duaenre hits the two-headed ogre with a +0 flail!
The yak gores you. x2
Duaenre blocks the two-headed ogre's attack.
The two-headed ogre hits Duaenre with a +0 giant spiked club!!
Duaenre is destroyed!
The yak gores you.
The two-headed ogre shouts in stereo!
You shoot an arrow. The arrow hits the yak.
You drain the yak.
The yak is almost dead.
Your surroundings suddenly seem different.
A hornet comes into view.
Found a stone staircase leading down.
The hornet completely misses you.
You shoot an arrow. The arrow hits the hornet!
The hornet is heavily wounded.
The hornet stings you.
You suddenly lose the ability to move!
The hornet stings you.
You feel yourself slow down. The hornet stings you. The hornet stings you!
You can move again.
Unknown command.
Unknown command.
Unknown command.
Okay, then.
You shoot an arrow. The arrow barely misses the hornet.
The hornet misses you. The hornet stings you!
* * * LOW HITPOINT WARNING * * *
Okay, then.
Okay, then.
Unknown command.
Okay, then.
Blink to where?
Press: ? - help, Dir - move target, f - you, p - hornet
Okay, then.
Unknown command.
As you read the scroll of fear, it crumbles to dust.
You assume a fearsome visage.
The hornet easily resists.
You feel yourself speed up. The hornet stings you!
You die...

.# .# .#
.# ##.>..
.#
......###
##
..#.....#
#........
#.......#
#..y@....
#......##
#......#
##.....#
...#+##


You could see a hornet.

Vanquished Creatures
  Grinder (D:3)
  Prince Ribbit (D:6)
  Eustachio (D:5)
  A water moccasin (D:6)
  Duvessa (D:5)
  A black bear (D:5)
  An ogre (D:4)
  A centaur (D:7)
  3 bullfrogs
  2 necrophages
  A gnoll sergeant (D:5)
  Dowan (D:5)
  A howler monkey (D:4)
  An orc priest (D:3)
  3 hounds
  4 iguanas
  2 orc wizards (D:3)
  Robin (D:2)
  9 gnolls
  12 adders
  A shadow imp (D:7)
  A dart slug (D:2)
  A worm (D:3)
  14 orcs
  7 bats
  8 endoplasms
  18 giant cockroaches
  10 goblins
  11 hobgoblins
  8 jackals
  15 quokkas
  9 ball pythons
  12 frilled lizards
  9 kobolds
  5 rats
177 creatures vanquished.

Vanquished Creatures (collateral kills)
  A yak (D:8)
  Menkaure (D:6)
  Edmund (D:6)
  An orc warrior (D:7)
  2 black bears (D:6)
  A phantom (D:7)
  A bullfrog (D:7)
  A shadow imp (D:5)
  A white imp (D:7)
  An orc (D:7)
11 creatures vanquished.

Vanquished Creatures (others)
  A knight (D:8)
  3 plants (D:6)
4 creatures vanquished.

Grand Total: 192 creatures vanquished

Notes
Turn   | Place    | Note
-------+----------+-------------------------------------------
     0 | D:1      | Newt the Kobold Hunter began the quest for the Orb.
     0 | D:1      | Reached XP level 1. HP: 12/12 MP: 1/1
    91 | D:1      | Reached XP level 2. HP: 18/18 MP: 2/2
   500 | D:1      | Reached XP level 3. HP: 23/23 MP: 3/3
   575 | D:1      | Found Dauddui's Antique Weapon Boutique.
  1515 | D:2      | Noticed Robin
  1520 | D:2      | Killed Robin
  1521 | D:2      | Reached XP level 4. HP: 23/30 MP: 4/4
  2133 | D:2      | Reached skill level 5 in Fighting
  2140 | D:2      | Reached XP level 5. HP: 35/35 MP: 5/5
  2145 | D:2      | Reached skill level 6 in Ranged Weapons
  2541 | D:3      | Noticed Grinder
  2800 | D:3      | Reached skill level 7 in Ranged Weapons
  2800 | D:3      | Reached XP level 6. HP: 19/40 MP: 6/6
  3037 | D:3      | Paralysed by Grinder for 4 turns
  3052 | D:3      | Killed Grinder
  3053 | D:3      | Reached skill level 9 in Ranged Weapons
  3053 | D:3      | Reached XP level 7. HP: 38/44 MP: 7/7
  3681 | D:3      | Found a sparkling altar of Nemelex Xobeh.
  4131 | D:4      | Found a glowing drain.
  4140 | Sewer    | Entered a sewer
  4173 | Sewer    | Reached skill level 10 in Ranged Weapons
  4569 | Sewer    | Reached XP level 8. HP: 16/49 MP: 8/8
  5572 | D:4      | Found a staircase to the Ecumenical Temple.
  5585 | Temple   | Entered the Ecumenical Temple
  5632 | Temple   | Became a worshipper of Hepliaklqana the Forgotten
  5814 | D:4      | Found Lalif's Distillery.
  5938 | D:4      | Reached skill level 5 in Dodging
  5938 | D:4      | Reached skill level 1 in Armour
  6594 | D:5      | Entered Level 5 of the Dungeon
  7130 | D:1      | Bought an ancient shortbow for 192 gold pieces
  7130 | D:1      | Identified the +0 shortbow of the Imbibing Scavenger
                  | {drain, Contam Fly rPois rC+} (You bought it in a shop on
                  | level 1 of the Dungeon)
  7291 | D:5      | Noticed Duvessa
  7294 | D:5      | Killed Duvessa
  7294 | D:5      | Noticed Dowan
  7303 | D:5      | Killed Dowan
  7398 | D:5      | Reached * piety under Hepliaklqana
  7441 | D:5      | Noticed Eustachio
  7452 | D:5      | Killed Eustachio
  7453 | D:5      | Reached XP level 9. HP: 50/50 MP: 9/9
  7732 | D:5      | Found a glowing silver altar of Zin.
  7732 | D:5      | Found a stormy altar of Qazlal.
  7732 | D:5      | Found a burning altar of Makhleb.
  7971 | D:6      | Noticed Edmund
  7980 | D:6      | Killed Edmund
  8133 | D:6      | Found a shadowy altar of Dithmenos.
  8137 | D:6      | Noticed Menkaure
  8145 | D:6      | Killed Menkaure
  8541 | D:6      | Reached skill level 11 in Ranged Weapons
  8541 | D:6      | Noticed Prince Ribbit
  8547 | D:6      | Reached ** piety under Hepliaklqana
  8548 | D:6      | Killed Prince Ribbit
  8549 | D:6      | Remembered your ancestor Duaenre as a knight
  8584 | D:6      | Found Inouckoj's Armour Shop.
  8920 | D:7      | Reached skill level 12 in Ranged Weapons
  9469 | D:7      | Found a white marble altar of Elyvilon.
  9641 | D:8      | Reached XP level 10. HP: 57/57 MP: 10/10
  9728 | D:8      | Noticed a two-headed ogre
  9732 | D:8      | Reached skill level 13 in Ranged Weapons
  9735 | D:8      | Paralysed by a hornet for 2 turns
  9739 | D:8      | Slain by a hornet

Illustrated notes

Levels and vault maps discovered:
D:1:      lightli_arrival_windingriver, layout_loops_ring, serial_shops, shop,
          serial_forest, infiniplex_forest_diagonal,
          infiniplex_forest_clump_curved, infiniplex_forest_straight_3,
          infiniplex_forest_clump_tiny, infiniplex_forest_split,
          infiniplex_forest_lined_ring, infiniplex_forest_3_way
D:2:      layout_basic, minmay_pentomino_r4, uniq_robin
D:3:      layout_basic, nemelex_spade_bored_becter, minivault_5, uniq_grinder
D:4:      layout_layer_cave, minmay_temple_entry_crystal_x, serial_shops,
          nicolae_take_the_stairs, portal_sewer_entry_f, minmay_crossroads
D:5:      layout_rooms, gammafunk_temple_overflow_claw, uniq_duvessa,
          uniq_eustachio
D:6:      layout_loops_ring, mainiacjoe_overflow_chevrons, serial_shops,
          kennysheep_mini_moat, uniq_edmund, uniq_prince_ribbit1, uniq_menkaure
D:7:      layout_loops_ring, nicolae_elyvilon_peaceful_grove,
          grunt_decor_arrowhead
D:8:      layout_basic, general_overflow_altar
Temple:   eino_wide_crystal_templ

Skill      XL: |  1  2  3  4  5  6  7  8  9 10 |
---------------+-------------------------------+-----
Fighting       | 3 4 5 6 8 |  8.0
Ranged Weapons | 7 9 10 12 13 | 13.0
Dodging        | 4 5 |  5.0
Armour         | 4 |  4.0
Stealth        | |  1.3

Action                     |  1- 3 |  4- 6 |  7- 9 | 10-12 || total
---------------------------+-------+-------+-------+-------++-------
  Melee: Shortbow          |       |     3 |       |       ||     3
   Fire: Shortbow          |    55 |   141 |   371 |    14 ||   581
 Invoke: Ancestor Life: Kn |       |       |     1 |       ||     1
    Use: Scroll            |     7 |     3 |     5 |     2 ||    17
         Potion            |     1 |     1 |     1 |       ||     3
 Armour: Leather armour    |     6 |    29 |    29 |       ||    64
         Skin              |       |       |    11 |       ||    11
  Dodge: Dodged            |    22 |    69 |   172 |    10 ||   273

Table legend: (Time is in decaauts)
 A = Elapsed time spent in this place.
 B = Non-inter-level travel time spent in this place.
 C = Inter-level travel time spent in this place.
 D = Time resting spent in this place.
 E = Time spent auto-exploring this place.
 F = Levels seen in this place.
 G = Mean time per level.
                   A        B        C        D        E       F      G
               +--------+--------+--------+--------+--------+-----+--------+
         Total |   9970 |   9253 |    717 |   1226 |   6939 |  10 |  997.0 |
       Dungeon |   8816 |   8122 |    694 |    909 |   6251 |   8 | 1102.0 |
        Temple |     62 |     39 |     23 |      0 |     24 |   1 |   62.0 |
         Sewer |   1091 |   1091 |      0 |    317 |    664 |   1 | 1091.0 |
               +--------+--------+--------+--------+--------+-----+--------+

Top non-repeatable levels by time:
     D:4: 1659 daAuts
     D:1: 1626 daAuts
     D:3: 1550 daAuts
     D:2: 1105 daAuts
   Sewer: 1091 daAuts
     D:6: 983 daAuts
     D:5: 963 daAuts
     D:7: 824 daAuts
     D:8: 101 daAuts
  Temple: 62 daAuts
